Map: Orbital Shipyard

Players

Bison - Winner!

  • Race: Zerg Zerg
  • League: Master

xKawaiian

  • Race: Terran Terran
  • League: Master

VOD

Have the link to the VOD?

Description

Time

  • Played on: Jan. 15, 2016, 2:56 a.m.
  • Length: 11:39
Show
View Real Time Build Order
Export as new Build Order

Bison Zerg - Winner!

Build Orders: Hatch First 

Get SALT Encoding   

  12  0:01  Drone  
  13  0:13  Overlord  
  13  0:17  Drone  
  14  0:32  Drone x2  
  16  0:49  Hatchery  
  15  0:53  Drone  
  15  0:55  Drone  
  17  1:09  Spawning Pool  
  16  1:12  Drone  
  16  1:15  Drone  
  18  1:36  Hatchery  
  18  1:38  Drone  
  18  1:40  Drone  
  18  1:43  Drone  
  18  1:46  Extractor  
  19  1:56  Queen  
  21  2:04  Queen  
  21  2:06  Zergling x2  
  24  2:10  Drone  
  25  2:16  Overlord  
  25  2:20  Drone  
  26  2:26  Drone x2  
  28  2:33  Extractor  
  27  2:40  Drone x2  
  30  2:45  Queen  
  30  2:49  Queen  
  34  2:54  Metabolic Boost  
  35  2:58  Drone  
  35  3:02  Drone  
  36  3:07  Drone x3  
  39  3:15  Drone x3  
  42  3:21  Overlord  
  42  3:24  Overlord  
  42  3:39  Queen  
  42  3:40  Drone x6  
  50  3:43  Overlord  
  50  3:46  Drone x2  
  52  3:51  Drone  
  52  3:52  Drone x2  
  55  3:58  Roach Warren  
  55  3:59  Drone  
  55  4:00  Drone, Extractor  
  55  4:02  Drone x2  
  57  4:03  Drone  
  57  4:09  Overlord  
  58  4:11  Drone  
  60  4:17  Zergling x6  
  60  4:22  Overlord, Drone x3  
  65  4:25  Overlord  
  65  4:26  Drone  
  65  4:29  Drone x2  
  65  4:30  Drone x2  
  70  4:33  Drone  
  70  4:35  Overlord  
  71  4:42  Evolution Chamber  
  71  4:44  Evolution Chamber  
  71  4:45  Overlord, Drone x2  
  70  4:46  Drone  
  70  4:52  Roach x4  
  80  4:55  Roach  
  80  4:57  Roach x2  
  80  4:58  Extractor  
  80  4:59  Roach x2, Zergling x2  
  90  5:02  Overlord  
  90  5:04  Extractor  
  90  5:05  Drone  
  90  5:07  Drone  
  91  5:08  Drone x2  
  93  5:19  Drone  
  93  5:20  Drone  
  95  5:23  Drone x3  
  95  5:24  Drone  
  95  5:27  Extractor  
  98  5:35  Drone x3  
  101  5:37  Lair, Extractor  
  101  5:42  Zergling x2  
  101  5:43  Zergling x10  
  105  5:51  Hatchery, Zergling x4  
  105  5:52  Overlord x2  
  105  5:54  Hatchery  
  103  5:57  Zerg Ground Armor Level 1  
  103  6:09  Evolution Chamber  
  100  6:14  Drone x4  
  100  6:23  Zergling x16  
  100  6:25  Ravager  
  110  6:26  Ravager x4  
  110  6:31  Zergling x2  
  114  6:34  Zergling x2  
  114  6:36  Zergling x2  
  116  6:40  Zerg Melee Weapons Level 1  
  116  6:41  Glial Reconstitution  
  112  6:49  Ravager x3  
  112  6:50  Ravager  
  112  6:52  Zergling x10  
  112  6:53  Infestation Pit  
  120  6:56  Overlord x2  
  120  7:02  Pneumatized Carapace  
  120  7:05  Drone x2  
  120  7:06  Zergling x14  
  129  7:12  Zergling x2  
  129  7:13  Zergling x2  
  131  7:25  Drone x10  
  131  7:27  Overlord x2  
  141  7:34  Hive  
  141  7:35  Pathogen Glands  
  141  7:41  Overlord, Extractor  
  140  7:46  Zergling x2  
  140  7:47  Zergling x16  
  148  7:53  Zerg Ground Armor Level 2  
  148  7:54  Overlord  
  139  8:16  Infestor x3  
  139  8:17  Infestor  
  147  8:20  Drone x3  
  147  8:21  Drone x3, Zergling x8  
  147  8:22  Extractor, Zergling x18  
  165  8:37  Zergling x2  
  165  8:40  Overlord  
  161  8:43  Overlord  
  154  8:50  Overlord  
  154  8:52  Overlord x4  
  146  8:58  Zergling x2  
  146  8:59  Zergling x28  
  146  9:01  Extractor  
  156  9:08  Zerg Melee Weapons Level 2  
  153  9:10  Adrenal Glands  
  153  9:12  Ultralisk Cavern  
  153  9:15  Zergling x2  
  153  9:16  Zergling x18  
  155  9:25  Infestor x3  
  161  9:36  Hatchery  
  160  9:39  Zergling x2  
  160  9:42  Zergling x2  
  160  9:43  Zergling x26  
  175  9:50  Burrow  
  172  10:12  Chitinous Plating  
  172  10:14  Ultralisk x5  
  196  10:26  Overlord  
  196  10:30  Spine Crawler  
  196  10:31  Spine Crawler x2  
  196  10:33  Spine Crawler  
  192  10:35  Spine Crawler  
  192  10:36  Spore Crawler  
  192  10:40  Spine Crawler  
  192  10:42  Ultralisk  
  190  11:02  Zergling x2  
  190  11:03  Zergling x6  
  197  11:28  Hatchery  
Show
View Real Time Build Order
Export as new Build Order

xKawaiian Terran 

Build Orders: Reaper Expand, MMM Bio 

Get SALT Encoding   

  12  0:00  SCV  
  13  0:13  SCV  
  14  0:17  Supply Depot  
  14  0:25  SCV  
  15  0:39  SCV  
  15  0:40  Barracks  
  16  0:46  Refinery  
  16  0:51  SCV  
  17  1:03  SCV  
  18  1:16  SCV  
  19  1:28  Orbital Command  
  19  1:30  Reaper  
  20  1:41  Command Center  
  20  1:52  Supply Depot  
  20  1:54  SCV  
  21  2:03  Barracks Reactor  
  21  2:06  SCV  
  21  2:08  Barracks  
  22  2:18  SCV  
  22  2:19  Barracks  
  23  2:30  SCV  
  24  2:41  Marine x2  
  24  2:43  SCV  
  27  2:53  Orbital Command  
  27  2:55  SCV, Barracks Tech Lab  
  28  3:03  Factory, Marine x2  
  28  3:05  Refinery  
  30  3:07  SCV  
  32  3:17  Stimpack, Marine  
  32  3:19  SCV, Marine  
  34  3:22  SCV  
  34  3:23  Marine x2  
  37  3:31  SCV  
  38  3:34  SCV, Marine  
  40  3:42  Supply Depot  
  40  3:43  SCV, Marine x2  
  40  3:44  Marine  
  40  3:47  SCV  
  40  3:48  Starport  
  45  3:50  Factory Reactor  
  45  3:52  Marine  
  46  4:02  Supply Depot  
  46  4:03  SCV, Marine x2  
  46  4:06  Supply Depot, SCV  
  46  4:07  Marine  
  51  4:14  Marine  
  51  4:15  SCV  
  53  4:20  SCV  
  53  4:23  Marine x2  
  56  4:31  Medivac x2  
  60  4:36  Command Center  
  60  4:37  SCV  
  62  4:47  Marine x2  
  62  4:48  SCV  
  62  4:50  SCV, Marine  
  67  4:56  Supply Depot, Factory Reactor  
  67  4:57  Barracks Reactor, Supply Depot  
  66  5:05  Marine x2  
  68  5:09  Marine  
  68  5:10  SCV  
  68  5:13  Engineering Bay  
  70  5:14  Engineering Bay  
  70  5:16  Supply Depot  
  70  5:18  SCV  
  70  5:19  Refinery  
  70  5:21  Refinery  
  71  5:22  SCV, Marine  
  71  5:24  Marine  
  71  5:25  Combat Shields  
  74  5:30  SCV, Medivac  
  74  5:34  Marine x3  
  80  5:39  SCV  
  80  5:40  Marine  
  80  5:42  Terran Infantry Armor Level 1, Marine  
  82  5:45  SCV  
  83  5:52  Marine x2  
  85  5:58  Terran Infantry Weapons Level 1  
  80  6:06  Marine x2  
  80  6:07  Hellion  
  80  6:08  Hellion, Medivac  
  80  6:10  Marine, Orbital Command  
  80  6:11  Marauder  
  86  6:17  Marine  
  85  6:19  SCV  
  85  6:24  Marine  
  85  6:25  Barracks  
  87  6:27  Orbital Command  
  87  6:28  Barracks  
  87  6:29  Marine  
  87  6:30  Marine  
  87  6:32  Marauder  
  83  6:33  Medivac  
  83  6:36  SCV  
  83  6:39  SCV  
  82  6:48  SCV, Widow Mine, Marine  
  82  6:50  Concussive Shells  
  82  6:51  SCV  
  82  6:52  SCV  
  82  6:53  Marauder  
  90  6:55  Marine  
  90  7:01  SCV  
  92  7:03  SCV  
  92  7:04  SCV  
  92  7:07  Armory  
  92  7:08  Supply Depot  
  94  7:09  Supply Depot  
  94  7:13  SCV, Marine  
  94  7:14  Marine  
  94  7:15  SCV, Barracks Tech Lab, Marauder  
  99  7:20  Barracks Reactor, Refinery  
  100  7:24  Marine  
  100  7:25  Marine  
  100  7:26  SCV x2  
  100  7:27  SCV  
  100  7:29  Medivac  
  107  7:31  Medivac  
  107  7:36  Marauder  
  111  7:37  Marauder, Marine  
  111  7:38  SCV  
  111  7:39  SCV  
  111  7:40  SCV  
  111  7:41  Widow Mine x2  
  111  7:42  Marine x2  
  123  7:46  Marine  
  123  7:50  SCV  
  125  7:57  Marauder, Marine  
  124  8:00  Missile Turret  
  124  8:03  Supply Depot, Missile Turret, Medivac  
  124  8:04  Marauder  
  128  8:07  Missile Turret, Marine  
  128  8:08  Terran Infantry Weapons Level 2, Missile Turret, Marine  
  117  8:14  SCV x2  
  117  8:15  SCV  
  117  8:19  Marauder, Widow Mine, Marine  
  124  8:28  Supply Depot x2  
  124  8:33  Marine  
  124  8:34  Marine x3, Marauder  
  129  8:40  Marauder, Marine  
  121  8:48  Marine  
  121  8:51  Marine  
  121  8:52  SCV  
  121  8:55  Marine  
  106  9:01  Marine x2  
  106  9:02  Marine, Marauder  
  94  9:05  Marine  
  94  9:06  Marine  
  94  9:08  SCV x2  
  94  9:09  Marine  
  92  9:11  Terran Infantry Armor Level 2  
  92  9:13  Marine  
  92  9:15  SCV  
  93  9:19  Marine  
  93  9:20  SCV  
  93  9:23  Marauder  
  97  9:25  Marauder  
  97  9:30  Command Center  
  97  9:31  SCV  
  100  9:36  Widow Mine x2, Marine x3  
  107  9:39  Marine  
  107  9:42  Marine  
  107  9:43  SCV  
  107  9:44  SCV  
  107  9:45  Marauder  
  113  9:50  Refinery  
  113  9:54  Barracks, Marine  
  113  9:58  Barracks  
  114  10:03  Marine  
  114  10:04  Marauder  
  114  10:05  Widow Mine x2  
  114  10:06  Marauder  
  106  10:14  Marine  
  106  10:15  Marine  
  106  10:18  Marine x2  
  106  10:21  Medivac x2  
  112  10:22  SCV x2  
  112  10:25  Marauder  
  112  10:27  Marauder  
  120  10:28  Starport  
  120  10:30  Fusion Core  
  120  10:32  SCV  
  120  10:33  Widow Mine  
  120  10:35  Marine  
  123  10:36  Marine  
  123  10:39  Marine  
  123  10:41  Barracks Reactor  
  126  10:47  Marauder  
  128  10:50  Marauder, Marine x2  
  128  10:51  Barracks Reactor  
  128  10:54  Marine  
  128  10:55  Marine  
  128  10:56  Marine  
  129  11:05  Marine  
  129  11:07  Marine  
  129  11:08  Marauder  
  128  11:12  Marauder  
  128  11:13  Marine  
  128  11:16  SCV x2  
  124  11:20  Starport Tech Lab  
  124  11:21  Marine  
Tags
 
Add a new tag
Caveats
  • Supply blocks, unpowered buildings, or Contaminate may cause inaccurate times.
  • Supply counts are checked every 10 seconds.